 Dungeon Crawl Stone Soup version 0.17-a0-1632-g0af21bd (webtiles) character file.

184 urechis the Sneak (level 5, 0/48 HPs)
             Began as a Kobold Berserker on Aug 3, 2015.
             Was a Believer of Trog.
             Succumbed to an adder's poison
             ... on level 3 of the Dungeon.
             The game lasted 00:05:10 (3350 turns).

urechis the Sneak (Kobold Berserker)                Turns: 3350, Time: 00:05:10

Health: 0/48       AC:  3    Str: 20    XL:     5   Next: 96%
Magic:  5/5        EV: 15    Int:  5    God:    Trog [**....]
Gold:   104        SH:  0    Dex: 17    Spells: 0 memorised, 4 levels left

rFire  . . .     SeeInvis .     b - +1 short sword (flame)
rCold  . . .     Clarity  .     l - +0 leather armour
rNeg   . . .     SustAt   .     (shield restricted)
rPois  .         Gourm    .     (no helmet)
rElec  .         Spirit   .     (no cloak)
rCorr  .         Warding  .     (no gloves)
rMut   .         Stasis   .     (no boots)
MR     .....                    (no amulet)
Stlth  ..........               (no ring)
                                (no ring)

@: berserking, lethally poisoned (0 -> -6), very quick, not resistant to hostile
enchantments, extremely unstealthy
A: carnivore 3
a: Burn Spellbooks, Berserk, Trog's Hand, Renounce Religion


You were on level 3 of the Dungeon.
You worshipped Trog.
Trog was pleased with you.
You were very full.

You visited 1 branch of the dungeon, and saw 3 of its levels.

You collected 104 gold pieces.

Inventory:

Hand weapons
 b - a +1 short sword of flaming (weapon)
Armour
 l - a +0 leather armour (worn)
Scrolls
 a - a scroll of enchant weapon {unknown}
 e - 2 scrolls of identify {unknown}
 g - a scroll of immolation {unknown}
 k - a scroll of teleportation {unknown}
 n - a scroll of random uselessness {unknown}
 p - a scroll of remove curse {unknown}
 q - a scroll of amnesia {unknown}
Potions
 d - a potion of agility {unknown}
 f - a potion of curing {unknown}
 h - 2 potions of heal wounds {unknown}
 i - a potion of might {unknown}
 j - a potion of poison {unknown}
 m - a potion of cure mutation {unknown}
 o - a potion of cancellation {unknown}
Comestibles
 c - 2 meat rations


   Skills:
 - Level 3.2 Fighting
 - Level 4.0 Short Blades
 - Level 1.5 Armour
 - Level 2.4 Dodging
 + Level 7.5 Stealth


You had 4 spell levels left.
You didn't know any spells.

Dungeon Overview and Level Annotations

Branches:
Dungeon (3/15)

Altars:
Ashenzari
Dithmenos
Gozag
Makhleb
Ru
Sif Muna
Trog
Yredelemnul


Innate Abilities, Weirdness & Mutations

You are small and have problems with some larger weapons.
You are carnivorous and can eat meat at any time.


Message History

The hobgoblin barely misses you.
You closely miss the orc priest.
The orc priest is severely wounded.
* * * LOW HITPOINT WARNING * * *
You feel sick. The adder barely misses you. The orc misses you.
You closely miss the orc priest.
The orc priest is severely wounded.
The hobgoblin barely misses you. The adder barely misses you.
The orc closely misses you. The orc priest barely misses you.
You puncture the orc priest! You burn the orc priest.
You feel the power of Trog in you as your rage grows.
You kill the orc priest!
Trog accepts your kill.
* * * LOW HITPOINT WARNING * * *
You feel sick. The adder closely misses you. The hobgoblin closely misses you.
The orc misses you.
You miss the adder. The orc hits you with a hand axe.
* * * LOW HITPOINT WARNING * * *
You barely miss the adder.
You die...

#..# ##.#####
##### #.. #.##
#....## #.# #.
#.....##..# ...#
#. ..#### ##.#
###.# ..
########.# #.#
.. ....>....##
#.# ......>...#
#.. ......oo#.#
.. ......o@#...
......S)g......
........##......
......... ..##.#
......... #.# #
.........# .#
#######..# #.##


You could see an orc wizard, an adder, 2 orcs and a hobgoblin.

Vanquished Creatures
  2 orc priests (D:3)
  An orc wizard (D:3)
  5 adders
  A worm (D:2)
  4 orcs (D:3)
  4 bats
  4 giant cockroaches
  8 goblins
  7 hobgoblins
  4 kobolds (D:2)
  A giant gecko (D:3)
  2 giant newts
  7 rats
50 creatures vanquished.

Notes
Turn   | Place    | Note
--------------------------------------------------------------
     0 | D:1      | urechis the Kobold Berserker began the quest for the Orb.
     0 | D:1      | Reached XP level 1. HP: 14/14 MP: 1/1
    37 | D:1      | Reached skill level 1 in Stealth
   406 | D:1      | Reached XP level 2. HP: 6/19 MP: 2/2
  1510 | D:2      | Found a shadowy altar of Dithmenos.
  1510 | D:2      | Found a basalt altar of Yredelemnul.
  1510 | D:2      | Found an opulent altar of Gozag.
  1510 | D:2      | Found a sacrificial altar of Ru.
  1510 | D:2      | Found a burning altar of Makhleb.
  1523 | D:2      | Reached XP level 3. HP: 21/23 MP: 3/3
  1574 | D:2      | Found a deep blue altar of Sif Muna.
  1574 | D:2      | Found a shattered altar of Ashenzari.
  1575 | D:2      | Found a bloodstained altar of Trog.
  1687 | D:2      | Acquired Trog's second power
  1810 | D:2      | Reached XP level 4. HP: 8/28 MP: 4/4
  1829 | D:2      | HP: 1/28 [poisoned by an adder]
  2260 | D:2      | Reached skill level 5 in Stealth
  3009 | D:3      | Reached skill level 6 in Stealth
  3009 | D:3      | Reached XP level 5. HP: 21/32 MP: 5/5
  3345 | D:3      | Reached skill level 7 in Stealth
  3349 | D:3      | HP: 1/48 [orc/hand axe (3)]
  3350 | D:3      | Succumbed to an adder's poison

Vault maps used:
D:1:      nicolae_arrival_washed_ashore
D:2:      grunt_temple_overflow_open, first_bread
D:3:      hangedman_decor_riveting, grunt_decor_cap

Action                   |  1- 3 |  4- 6 || total
-------------------------+-------+-------++-------
Melee: Short sword       |    90 |    88 ||   178
Invok: Berserk           |     4 |     5 ||     9
  Use: Potion            |     1 |       ||     1
 Stab: Sleeping          |     6 |    10 ||    16
  Eat: Chunk             |    11 |    13 ||    24
